[Event "December 19 Late 2023"]
[Site "https://www.chess.com"]
[Date "2023.12.19"]
[Round "6"]
[White "Chigaev, Maksim"]
[Black "Przybylski, Wojciech"]
[Result "1-0"]
[Board "42"]
[TimeControl "180+1"]
[WhiteFideId "4108116"]
[BlackFideId "1117599"]
[WhiteElo "2561"]
[BlackElo "2203"]
[WhiteTeam "ESP"]
[BlackTeam "POL"]
[WhiteClock "0:00:25"]
[BlackClock "0:00:26"]

1. e4 e5 2. Nf3 Nc6 3. g3 Nf6 4. d3 Be7 5. Bg2 O-O 6. O-O Re8 7. c3 d6 8. b4 a6 9. a4 Bg4 10. h3 Bd7 11. Nbd2 h6 12. Rb1 b5 13. Bb2 Bf8 14. Re1 Ne7 15. a5 Ng6 16. Nf1 c6 17. Ne3 Qc7 18. c4 c5 19. Bc3 bxc4 20. Nxc4 Bb5 21. Nb6 Rad8 22. Rc1 Qb7 23. Nh2 Nd7 24. Nd5 Nb8 25. Ng4 Nc6 26. bxc5 dxc5 27. Nge3 Nb4 28. Nc4 Na2 29. Rc2 Nxc3 30. Rxc3 f6 31. Qg4 Qf7 32. h4 Bd7 33. Qe2 Qe6 34. Nc7 Qc6 35. Nxe8 Rxe8 36. Rb1 Qc7 37. Nb6 Bb5 38. Bh3 Qf7 39. h5 Ne7 40. Qb2 Nc6 41. Qb3 Nd4 42. Qxf7+ Kxf7 43. Kg2 Nc6 44. Bd7 Rd8 45. Rxb5 Rxd7 46. Nxd7 axb5 47. Nxf8 Kxf8 48. Rxc5 Nxa5 49. Rxb5 Nc6 50. f4 Kf7 51. Rb7+ Kg8 52. Kf2 Nd4 53. fxe5 fxe5 54. Re7 1-0

[Event "December 19 Late 2023"]
[Site "https://www.chess.com"]
[Date "2023.12.19"]
[Round "6"]
[White "Assylov, Miras"]
[Black "Gabuzyan, Hovhannes"]
[Result "1-0"]
[Board "43"]
[TimeControl "180+1"]
[WhiteFideId "13728873"]
[BlackFideId "13303732"]
[WhiteElo "1991"]
[BlackElo "2486"]
[WhiteTeam "KAZ"]
[BlackTeam "ARM"]
[WhiteClock "0:00:14"]
[BlackClock "0:01:14"]

1. b3 e5 2. Bb2 Nc6 3. e3 Nf6 4. Bb5 Bd6 5. Na3 a6 6. Be2 b5 7. c4 b4 8. Nc2 e4 9. d3 exd3 10. Bxd3 Qe7 11. Nf3 Bb7 12. Ncd4 Nxd4 13. Bxd4 Ne4 14. Rc1 c5 15. Bb2 f5 16. O-O O-O-O 17. Be2 Bc7 18. Qc2 Rhg8 19. Rfd1 g5 20. Nd2 g4 21. Nxe4 Bxe4 22. Bd3 Bxh2+ 23. Kxh2 Qh4+ 24. Kg1 Bxg2 25. Kxg2 Qh3+ 26. Kg1 g3 27. f3 g2 28. Bxf5 Qh1+ 29. Kf2 Qh2 30. Rg1 Rdf8 31. Qe4 Qg3+ 32. Ke2 Re8 33. Qa8+ Kc7 34. Qa7+ Kc6 35. Bxd7+ Kd6 36. Rcd1+ 1-0

[Event "December 19 Late 2023"]
[Site "https://www.chess.com"]
[Date "2023.12.19"]
[Round "6"]
[White "FontVella8"]
[Black "Spata, German"]
[Result "1/2-1/2"]
[Board "44"]
[TimeControl "180+1"]
[BlackFideId "113026"]
[WhiteElo "2811"]
[BlackElo "2260"]
[BlackTeam "ARG"]
[WhiteClock "0:00:03"]
[BlackClock "0:00:05"]

1. e4 c5 2. Nf3 a6 3. c3 d5 4. exd5 Qxd5 5. d4 e6 6. Be2 cxd4 7. cxd4 Nf6 8. O-O Be7 9. Nc3 Qd8 10. Bg5 O-O 11. Rc1 Nbd7 12. Bd3 b6 13. Bb1 Bb7 14. Re1 Rc8 15. Qd3 b5 16. a3 g6 17. h4 Nd5 18. Ne4 Rxc1 19. Rxc1 N5f6 20. Ng3 Bxf3 21. Qxf3 Nd5 22. Bxe7 Qxe7 23. h5 Rd8 24. hxg6 hxg6 25. Ne4 Kg7 26. Rc6 N7f6 27. Nc5 Rd6 28. Rxa6 Rxa6 29. Nxa6 b4 30. Nc5 bxa3 31. bxa3 Qd6 32. a4 Nb4 33. Qc3 Nfd5 34. Qe1 Nc6 35. Qe4 Qf4 36. Qxf4 Nxf4 37. Kf1 Nxd4 38. a5 Kf6 39. a6 Nb5 40. g3 Nd5 41. Bd3 Na7 42. Ke2 Ke7 43. Kf3 f5 44. Bc4 Kd6 45. Nb7+ Ke5 46. Nd8 Nc7 47. Ke3 g5 48. f4+ gxf4+ 49. gxf4+ Kd6 50. Kd4 Nc6+ 51. Nxc6 Kxc6 52. a7 Kb6 53. Ke5 Kxa7 54. Bxe6 Kb6 55. Bxf5 Kc5 56. Bd7 Nd5 57. f5 Ne7 58. f6 Ng6+ 59. Kf5 Nf8 60. Be8 Kd6 61. Bf7 Kd7 62. Bc4 Kd6 63. Kg5 Nd7 64. f7 Ke7 65. Kg6 Ne5+ 66. Kg7 Nxf7 1/2-1/2

[Event "December 19 Late 2023"]
[Site "https://www.chess.com"]
[Date "2023.12.19"]
[Round "6"]
[White "Asish Panda"]
[Black "Troff, Kayden"]
[Result "1-0"]
[Board "45"]
[TimeControl "180+1"]
[WhiteFideId "45012458"]
[BlackFideId "2047896"]
[WhiteElo "1767"]
[BlackElo "2544"]
[WhiteTeam "IND"]
[BlackTeam "USA"]
[WhiteClock "0:00:07"]
[BlackClock "0:00:09"]

1. e4 c5 2. Nf3 g6 3. c3 Bg7 4. d4 cxd4 5. cxd4 d5 6. exd5 Nf6 7. Nc3 O-O 8. Bc4 Nbd7 9. d6 exd6 10. O-O a6 11. Re1 b5 12. Bb3 Bb7 13. Bg5 Qb6 14. Rc1 Rac8 15. Re7 Qd8 16. Re1 Qb6 17. Re7 a5 18. Bxf6 Nxf6 19. Ng5 d5 20. Nf3 a4 21. Bc2 a3 22. Qe1 axb2 23. Rb1 Ne4 24. Nxd5 Bxd5 25. Bxe4 Qd6 26. Bxd5 Rc1 27. Bxf7+ Kh8 28. Rxc1 bxc1=Q 29. Qxc1 Qxe7 30. Bb3 Qe4 31. h3 Bxd4 32. Nxd4 Qxd4 33. Qe1 Qf6 34. g3 Kg7 35. h4 h5 36. Qe2 b4 37. Qf1 Qd4 38. Qc4 Qxc4 39. Bxc4 Rc8 40. Bb3 Rc3 41. Kg2 Kf6 42. f3 g5 43. hxg5+ Kxg5 44. Kf2 Rc1 45. Ke3 Rf1 46. Ke2 Rc1 47. Ke3 Rg1 48. Kf2 Rb1 49. Ke3 Kf5 50. Bc2+ Ke5 51. Bxb1 Kd5 52. Bc2 Kc4 53. Bb3+ Kc3 54. Kf4 Kd2 55. Kg5 Ke3 56. f4 h4 57. Kxh4 Ke4 58. Kg5 1-0

[Event "December 19 Late 2023"]
[Site "https://www.chess.com"]
[Date "2023.12.19"]
[Round "6"]
[White "Ferreira, Vitor Hugo Vieira"]
[Black "Rustemov, Alexander"]
[Result "0-1"]
[Board "46"]
[TimeControl "180+1"]
[WhiteFideId "2119765"]
[BlackFideId "4119002"]
[WhiteElo "2123"]
[BlackElo "2789"]
[WhiteTeam "BRA"]
[BlackTeam "RUS"]
[WhiteClock "0:00:00"]
[BlackClock "0:00:06"]

1. c4 c5 2. g3 g6 3. Bg2 Bg7 4. Nc3 Nc6 5. Nf3 b6 6. O-O Bb7 7. e3 Bxc3 8. bxc3 d6 9. d4 Na5 10. Re1 Nf6 11. d5 Nd7 12. e4 Qc7 13. Bf4 Nxc4 14. Qe2 Nce5 15. c4 Ba6 16. Nd2 h6 17. Be3 Nf6 18. h3 Ned7 19. f4 Kf8 20. Bf2 Ng8 21. e5 Kg7 22. e6 Ndf6 23. exf7 Kxf7 24. g4 Re8 25. g5 Nh5 26. f5 hxg5 27. fxg6+ Kxg6 28. Qe6+ Ngf6 29. Be4+ Kg7 30. Qf5 Reg8 31. Bg2 Bc8 32. Qd3 Nf4 33. Qg3 Nxg2 34. Qxg2 Bxh3 35. Qf3 Qd7 36. Bg3 Re8 37. Re3 Qf5 38. Qe2 Kg6 39. Rxe7 Bg4 40. Qe3 Rxe7 41. Qxe7 Bf3 42. Rf1 Rh1+ 43. Kf2 Bxd5+ 44. Ke2 Rxf1 45. Nxf1 Bxc4+ 46. Kd2 Qxf1 47. Bxd6 Qd3+ 48. Ke1 Qf1+ 49. Kd2 Qd3+ 50. Ke1 Qc3+ 51. Kf2 Ne4+ 52. Qxe4+ Kf6 53. Qe7+ Kf5 54. Qf8+ Qf6 55. Qc8+ Ke4+ 56. Kg3 Qf3+ 57. Kh2 Qf2+ 58. Kh1 Bd5 59. Qg4+ Kd3+ 0-1

[Event "December 19 Late 2023"]
[Site "https://www.chess.com"]
[Date "2023.12.19"]
[Round "6"]
[White "Wieczorek, Oskar"]
[Black "O`Gorman, Tom"]
[Result "1-0"]
[Board "47"]
[TimeControl "180+1"]
[WhiteFideId "1133950"]
[BlackFideId "2508249"]
[WhiteElo "2407"]
[BlackElo "2288"]
[WhiteTeam "POL"]
[BlackTeam "IRL"]
[WhiteClock "0:00:04"]
[BlackClock "0:00:13"]

1. e4 c5 2. Nf3 d6 3. d4 cxd4 4. Nxd4 Nf6 5. Nc3 a6 6. h4 e5 7. Nb3 Be7 8. Bg5 Be6 9. Bxf6 Bxf6 10. g3 O-O 11. Qd2 Nc6 12. O-O-O a5 13. a4 Nb4 14. Qxd6 Qxd6 15. Rxd6 Be7 16. Rd1 Rac8 17. Bh3 b6 18. Bxe6 fxe6 19. Rd2 g5 20. h5 g4 21. Kb1 Rf3 22. Nd1 Bg5 23. Re2 Rc4 24. Nc1 Nc6 25. b3 Rd4 26. Nd3 Rdxd3 27. cxd3 Rxd3 28. Rb2 Nd4 29. b4 Bd2 30. bxa5 bxa5 31. h6 Bxh6 32. Rxh6 Rxd1+ 33. Ka2 Kg7 34. Rh4 Kf6 35. Rxg4 Nc6 36. Rg8 Nb4+ 37. Kb3 Rd3+ 38. Kc4 Rd4+ 39. Kb5 Rxe4 40. Kxa5 Nd3 41. Rb7 Nc5 42. Rxh7 Nxa4 43. Rh6+ Kf7 44. Rc8 Nb2 45. Rc7+ Kg8 46. Rxe6 Nc4+ 47. Ka6 Kf8 48. Rh6 Kg8 49. Rh4 Rxh4 50. gxh4 Nd2 51. Kb5 Ne4 52. Rc2 Kg7 53. Kc6 Kf6 54. Kd5 Kf5 55. Rc8 Nf6+ 56. Kc4 Kg4 57. Rf8 Nh5 58. Kd5 Kxh4 59. Kxe5 Kg5 60. Rg8+ Kh6 61. Rh8+ Kg6 62. Rxh5 Kxh5 63. f4 1-0

[Event "December 19 Late 2023"]
[Site "https://www.chess.com"]
[Date "2023.12.19"]
[Round "6"]
[White "Zeynalli, Rashad"]
[Black "Khater, Sherif"]
[Result "0-1"]
[Board "49"]
[TimeControl "180+1"]
[WhiteFideId "13403320"]
[BlackFideId "2034280"]
[WhiteElo "2088"]
[BlackElo "2547"]
[WhiteTeam "AZE"]
[BlackTeam "USA"]
[WhiteClock "0:00:00"]
[BlackClock "0:00:19"]

1. d4 a6 2. e4 c6 3. Nf3 d5 4. Nc3 dxe4 5. Nxe4 Nf6 6. Nxf6+ exf6 7. Bd3 Bd6 8. c3 O-O 9. Qc2 h6 10. O-O Re8 11. Bd2 Nd7 12. Rfe1 Nf8 13. Rxe8 Qxe8 14. Re1 Qd8 15. Qb3 b5 16. Be4 Be6 17. Qc2 Qd7 18. b3 Re8 19. c4 bxc4 20. bxc4 Bg4 21. h3 Bh5 22. Qa4 Rc8 23. Qxa6 f5 24. Bd3 Bxf3 25. gxf3 Ng6 26. c5 Bf4 27. Bxf4 Nxf4 28. Bf1 Rd8 29. Qc4 Ne6 30. a4 Nxd4 31. Kg2 Qc7 32. Rd1 Qf4 33. Qd3 Ne6 34. Qc2 Qg5+ 35. Kh1 Ra8 36. Ra1 Qf4 37. Kg2 Qd4 38. Rd1 Nf4+ 39. Kg3 Qe5 40. Qb3 Re8 41. Kh2 Re6 42. Rd8+ Kh7 43. Qb8 Qe1 44. Rh8+ Kg6 45. Qxf4 Qxf1 46. Qg3+ Kf6 47. Qh4+ Kg6 48. Qg3+ Kf6 0-1

[Event "December 19 Late 2023"]
[Site "https://www.chess.com"]
[Date "2023.12.19"]
[Round "6"]
[White "Gunduz, Umut Erdem"]
[Black "Rogov, Matfey"]
[Result "0-1"]
[Board "50"]
[TimeControl "180+1"]
[WhiteFideId "6381383"]
[BlackFideId "44191308"]
[WhiteElo "2182"]
[BlackElo "2057"]
[WhiteTeam "TUR"]
[BlackTeam "RUS"]
[WhiteClock "0:00:49"]
[BlackClock "0:00:25"]

1. e4 e5 2. Nf3 Nc6 3. Bc4 Nf6 4. d3 Bc5 5. c3 d6 6. h3 a5 7. a4 h6 8. Nbd2 O-O 9. g4 d5 10. Bb3 dxe4 11. dxe4 Be6 12. Qe2 Nd7 13. g5 Bxb3 14. Nxb3 h5 15. Nh4 g6 16. Qc4 Ba7 17. Nxg6 Nb6 18. Qb5 fxg6 19. Be3 Qd7 20. Nc5 Qf7 21. Nxb7 Qc4 22. Bxb6 Qxe4+ 23. Kd2 Bxb6 24. Rhe1 Rad8+ 25. Nxd8 Rxd8+ 26. Kc1 Qxe1+ 27. Kc2 Qxa1 0-1

[Event "December 19 Late 2023"]
[Site "https://www.chess.com"]
[Date "2023.12.19"]
[Round "6"]
[White "Martinez Ramirez, Lennis"]
[Black "Vafin, Ayrat"]
[Result "1-0"]
[Board "51"]
[TimeControl "180+1"]
[WhiteFideId "3509079"]
[BlackFideId "4146530"]
[WhiteElo "2405"]
[BlackElo "2317"]
[WhiteTeam "CUB"]
[BlackTeam "RUS"]
[WhiteClock "0:02:20"]
[BlackClock "0:00:07"]

1. d4 d5 2. Nf3 Nf6 3. g3 b5 4. Bg2 Bb7 5. O-O Nbd7 6. a4 b4 7. Ne5 e6 8. c4 bxc3 9. bxc3 Nxe5 10. dxe5 Nd7 11. f4 Bc5+ 12. Kh1 O-O 13. a5 Ba6 14. Nd2 f6 15. Nb3 fxe5 16. Nxc5 Nxc5 17. Ba3 Qe7 18. fxe5 Rxf1+ 19. Qxf1 Qg5 20. Bxc5 Qxe5 21. Bd4 Qxe2 22. Qxe2 Bxe2 23. Re1 Bg4 24. h3 Bf5 25. g4 Be4 26. Bxe4 dxe4 27. Rxe4 Kf7 28. a6 Rb8 29. Rf4+ Kg6 30. Bxa7 Ra8 31. Bf2 Rxa6 32. Rc4 c6 33. Rc5 Kf7 34. Bd4 g6 35. Kg2 h5 36. gxh5 gxh5 37. Rxh5 Ra1 38. Rc5 Ra6 39. h4 Kg6 40. h5+ Kh6 41. Be3+ Kh7 42. Kf3 Kg7 43. Kg4 Kh7 44. Kg5 Rb6 45. Bd4 Rb1 46. Rxc6 Rg1+ 47. Bxg1 1-0

[Event "December 19 Late 2023"]
[Site "https://www.chess.com"]
[Date "2023.12.19"]
[Round "6"]
[White "Boyer, Mahel"]
[Black "Zimmermann, Ulrich"]
[Result "1-0"]
[Board "52"]
[TimeControl "180+1"]
[WhiteFideId "45102422"]
[BlackFideId "24654523"]
[WhiteElo "2449"]
[BlackElo "2223"]
[WhiteTeam "FRA"]
[BlackTeam "GER"]
[WhiteClock "0:02:10"]
[BlackClock "0:01:46"]

1. e4 Nf6 2. e5 Nd5 3. d4 d6 4. c4 Nb6 5. f4 dxe5 6. fxe5 Nc6 7. Be3 Bf5 8. Nc3 e6 9. Be2 Be7 10. Nf3 O-O 11. O-O Qd7 12. Qe1 Rad8 13. Rd1 Nb4 14. Qg3 Bc2 15. Rd2 Bg6 16. h4 Kh8 17. a3 Nc6 18. b4 a5 19. d5 Nb8 20. d6 axb4 21. axb4 Nc6 22. dxe7 Qxe7 23. Bc5 1-0

[Event "December 19 Late 2023"]
[Site "https://www.chess.com"]
[Date "2023.12.19"]
[Round "6"]
[White "Benedetti, Julio"]
[Black "Sun, Rick"]
[Result "0-1"]
[Board "53"]
[TimeControl "180+1"]
[WhiteFideId "172545"]
[BlackFideId "30909481"]
[WhiteElo "2299"]
[BlackElo "2169"]
[WhiteTeam "ARG"]
[BlackTeam "USA"]
[WhiteClock "0:00:00"]
[BlackClock "0:00:04"]

1. e4 d6 2. d4 Nf6 3. Nc3 Nbd7 4. Nf3 e5 5. Bc4 Be7 6. O-O O-O 7. h3 c6 8. a4 Qc7 9. dxe5 dxe5 10. a5 Nc5 11. Qe2 Be6 12. b3 b5 13. axb6 axb6 14. Bb2 Bxc4 15. Qxc4 b5 16. Qe2 b4 17. Rxa8 Rxa8 18. Nb1 Nfxe4 19. Bxe5 Bd6 20. Bd4 h6 21. Re1 Ng5 22. Nxg5 hxg5 23. Nd2 Ne6 24. Bb2 Bc5 25. Ne4 Be7 26. Qg4 Ra2 27. Ba1 Qa7 28. Be5 Rxc2 29. Bg3 Qd7 30. Qf5 Ra2 31. Qf3 Ra8 32. Rd1 Qa7 33. Qd3 Rd8 34. Qe2 Rxd1+ 35. Qxd1 Qd4 36. Qc1 Qd5 37. Nd2 Nd4 38. Qd1 Nxb3 0-1

[Event "December 19 Late 2023"]
[Site "https://www.chess.com"]
[Date "2023.12.19"]
[Round "6"]
[White "Annaberdiyev, Meylis"]
[Black "Yagupov, Igor"]
[Result "0-1"]
[Board "54"]
[TimeControl "180+1"]
[WhiteFideId "14000563"]
[BlackFideId "4113632"]
[WhiteElo "2405"]
[BlackElo "2179"]
[WhiteTeam "TKM"]
[BlackTeam "RUS"]
[WhiteClock "0:00:00"]
[BlackClock "0:00:01"]

1. e4 c5 2. Nf3 Nc6 3. Bb5 g6 4. O-O Bg7 5. c3 Nf6 6. Re1 O-O 7. d4 d5 8. e5 Ne4 9. Bxc6 bxc6 10. Be3 cxd4 11. cxd4 f6 12. Qc1 Qb6 13. Nc3 Nxc3 14. Qxc3 Bg4 15. exf6 exf6 16. Rac1 Rac8 17. b4 Bxf3 18. gxf3 Rfe8 19. a3 Bf8 20. Kg2 Bd6 21. Qd2 Kf7 22. Bf4 Qb8 23. Bg3 Rxe1 24. Rxe1 Re8 25. Rc1 Bxg3 26. hxg3 Re6 27. Rc5 Qe8 28. Qf4 Qd7 29. b5 Kg7 30. Qb8 g5 31. a4 h5 32. bxc6 Rxc6 33. Rxc6 Qxc6 34. Qxa7+ Kg6 35. a5 g4 36. fxg4 hxg4 37. Qb8 Qc3 38. Qb1+ f5 39. a6 Qxd4 40. Qa2 Qa7 41. Kf1 Kf6 42. Ke2 Ke5 43. Qb2+ Ke6 44. Qb7 Qd4 45. a7 Qc4+ 46. Kd2 Qd4+ 47. Kc2 Qc4+ 48. Kb2 Qd4+ 49. Ka3 Qa1+ 0-1

[Event "December 19 Late 2023"]
[Site "https://www.chess.com"]
[Date "2023.12.19"]
[Round "6"]
[White "GoldenShare"]
[Black "Solon, Nathan"]
[Result "0-1"]
[Board "55"]
[TimeControl "180+1"]
[BlackFideId "2017229"]
[WhiteElo "2520"]
[BlackElo "2663"]
[BlackTeam "USA"]
[WhiteClock "0:00:17"]
[BlackClock "0:00:50"]

1. e4 c5 2. Nc3 Nc6 3. Bb5 Nd4 4. Nf3 a6 5. Bd3 Nc6 6. O-O e6 7. Be2 Nf6 8. d4 cxd4 9. Nxd4 Qc7 10. Be3 Be7 11. f4 d6 12. Bf3 O-O 13. Qe1 Bd7 14. Nb3 Rac8 15. Qf2 Na5 16. Rae1 Nc4 17. Bc1 Bc6 18. g4 Nd7 19. g5 b5 20. a3 a5 21. Kh1 b4 22. axb4 axb4 23. Ne2 Na5 24. Nxa5 Qxa5 25. Nd4 Bb7 26. b3 Rfe8 27. Bb2 Bf8 28. Ra1 Qb6 29. Qe2 Ra8 30. Rxa8 Rxa8 31. Ra1 Rxa1+ 32. Bxa1 Nc5 33. Kg2 Qa5 34. Bb2 Qa2 35. Bc1 g6 36. f5 e5 37. Nb5 Ba6 38. c4 Qxb3 39. Be3 Nd3 40. Nc7 Bxc4 41. fxg6 Nf4+ 42. Bxf4 Bxe2 43. gxh7+ Kxh7 44. Bxe2 exf4 45. Nd5 Qc2 46. Nxf4 b3 47. Kg3 b2 48. e5 0-1

[Event "December 19 Late 2023"]
[Site "https://www.chess.com"]
[Date "2023.12.19"]
[Round "6"]
[White "Shapiro, Viktor"]
[Black "Manukyan, Sargis A."]
[Result "0-1"]
[Board "56"]
[TimeControl "180+1"]
[WhiteFideId "4175700"]
[BlackFideId "13303970"]
[WhiteElo "2044"]
[BlackElo "2186"]
[WhiteTeam "RUS"]
[BlackTeam "ARM"]
[WhiteClock "0:00:21"]
[BlackClock "0:00:22"]

1. c4 e6 2. Nc3 d5 3. d4 Nf6 4. Nf3 Be7 5. Bg5 O-O 6. e3 h6 7. Bh4 b6 8. Qc2 Bb7 9. Bxf6 Bxf6 10. cxd5 exd5 11. Be2 c5 12. dxc5 bxc5 13. Rd1 d4 14. O-O Nc6 15. Na4 Rc8 16. Nxc5 Ba8 17. Qa4 Qe7 18. Ba6 Qxc5 19. Bxc8 Rxc8 20. Rc1 Qb6 21. exd4 Rd8 22. Rfd1 Ne7 23. Ne5 Bd5 24. Nd7 Qd6 25. Nxf6+ Qxf6 26. Rc3 Nf5 27. Qxa7 Qg5 28. Rg3 Nxg3 29. hxg3 Qg4 30. Re1 Be6 31. a4 Qxd4 32. Qxd4 Rxd4 33. Ra1 Rb4 34. a5 Rxb2 35. a6 Rb8 36. a7 Ra8 37. f3 Kf8 38. Kf2 Ke7 39. g4 Kd6 40. Ke3 Kc6 41. Kf4 Kb6 42. g5 hxg5+ 43. Kxg5 Rxa7 44. Rxa7 Kxa7 45. g4 Kb7 46. f4 Kc7 47. f5 Bc8 48. f6 g6 49. Kh6 Bxg4 50. Kg7 Be6 51. Kf8 Kd6 52. Kg7 g5 53. Kh6 g4 0-1

[Event "December 19 Late 2023"]
[Site "https://www.chess.com"]
[Date "2023.12.19"]
[Round "6"]
[White "Sturt, Raven"]
[Black "Rangel, Daniel"]
[Result "1-0"]
[Board "57"]
[TimeControl "180+1"]
[WhiteFideId "2007304"]
[BlackFideId "2124475"]
[WhiteElo "2408"]
[BlackElo "2267"]
[WhiteTeam "USA"]
[BlackTeam "BRA"]
[WhiteClock "0:01:03"]
[BlackClock "0:00:07"]

1. f4 c5 2. Nf3 g6 3. e3 Bg7 4. Be2 Nc6 5. O-O e6 6. e4 Nge7 7. d3 O-O 8. Nbd2 d5 9. c3 b5 10. e5 b4 11. Nb3 bxc3 12. bxc3 Qb6 13. Kh1 d4 14. cxd4 cxd4 15. Ba3 Rd8 16. Bc5 Qc7 17. Nbxd4 Nxd4 18. Bxd4 Ba6 19. Qa4 Qc6 20. Qa3 Nf5 21. Rfc1 Qd7 22. Bf2 Bb5 23. Rc3 Bf8 24. Qa5 a6 25. a4 Bc6 26. d4 Be4 27. Ng5 Bd5 28. Rc7 Qe8 29. Nxf7 Rdc8 30. Ng5 Rxc7 31. Qxc7 Rc8 32. Qxh7# 1-0

[Event "December 19 Late 2023"]
[Site "https://www.chess.com"]
[Date "2023.12.19"]
[Round "6"]
[White "mightysmasher"]
[Black "User234564"]
[Result "1-0"]
[Board "58"]
[TimeControl "180+1"]
[WhiteElo "2513"]
[BlackElo "2650"]
[WhiteClock "0:01:32"]
[BlackClock "0:01:12"]

1. e4 d5 2. exd5 Nf6 3. Bb5+ Bd7 4. Bxd7+ Qxd7 5. Nf3 Qxd5 6. O-O Nc6 7. Nc3 Qf5 8. d4 O-O-O 9. Be3 e6 10. Qe2 Bd6 11. Nb5 Bf4 12. Rad1 g5 13. c4 Rhg8 14. d5 exd5 15. cxd5 Nxd5 16. Nxa7+ Nxa7 17. Bxa7 Rge8 18. Qc4 Qe4 19. Qxe4 Rxe4 20. Bc5 Rc4 21. Ba3 c6 22. g3 g4 23. Nd2 Bxd2 24. Rxd2 Re8 25. Rfd1 Rce4 26. Kf1 f5 27. b3 h5 28. Bc5 h4 29. a4 hxg3 30. hxg3 f4 31. gxf4 Rxf4 32. Kg2 Kd7 33. b4 Re6 34. a5 Rfe4 35. b5 Re2 36. Rxe2 Rxe2 37. a6 bxa6 38. bxa6 Ra2 39. a7 Kc7 40. Rb1 Nf4+ 41. Kg3 Nd3 42. Bb6+ Kc8 43. Be3 Nb2 44. Bd4 c5 45. Rxb2 Rxa7 46. Bxc5 Ra4 47. Rb4 Ra3+ 48. Kxg4 Kd7 49. Rd4+ Kc6 50. Bxa3 1-0

[Event "December 19 Late 2023"]
[Site "https://www.chess.com"]
[Date "2023.12.19"]
[Round "6"]
[White "Janaszak, Dawid"]
[Black "Filgueira, Hernan"]
[Result "0-1"]
[Board "59"]
[TimeControl "180+1"]
[WhiteFideId "1119206"]
[BlackFideId "101770"]
[WhiteElo "2218"]
[BlackElo "2363"]
[WhiteTeam "POL"]
[BlackTeam "ARG"]
[WhiteClock "0:00:04"]
[BlackClock "0:00:36"]

1. e4 e5 2. Nf3 Nc6 3. Bc4 Nf6 4. d4 exd4 5. Ng5 d5 6. exd5 Ne5 7. Qxd4 Nxc4 8. Qxc4 Qxd5 9. Qe2+ Be7 10. Nc3 Qd8 11. Bf4 O-O 12. O-O Re8 13. Rad1 Bd6 14. Qd3 Bg4 15. Bxd6 Bxd1 16. Nd5 Qxd6 17. Nxf6+ Qxf6 18. Qxh7+ Kf8 19. Qh8+ Ke7 20. Re1+ Kd7 21. Rxd1+ Kc6 22. Qh4 b6 23. Qc4+ Kb7 24. h4 Rad8 25. Rf1 Rd7 26. c3 Qc6 27. Qg4 f6 28. Nf3 Re4 29. Qg6 Rde7 30. Nd4 Qc4 31. g3 Qd3 32. Qh5 Qc4 33. Qf5 a6 34. a3 R4e5 35. Qf3+ Qd5 36. Qf4 Re1 37. Qd2 Rxf1+ 38. Kh2 Qh1# 0-1

[Event "December 19 Late 2023"]
[Site "https://www.chess.com"]
[Date "2023.12.19"]
[Round "6"]
[White "Manolache, Marius"]
[Black "Azali, Tannaz"]
[Result "1-0"]
[Board "60"]
[TimeControl "180+1"]
[WhiteFideId "1201530"]
[BlackFideId "12537721"]
[WhiteElo "2364"]
[BlackElo "1828"]
[WhiteTeam "ROU"]
[BlackTeam "IRI"]
[WhiteClock "0:00:24"]
[BlackClock "0:00:16"]

1. d4 Nf6 2. Bg5 Ne4 3. Bf4 d5 4. e3 Bf5 5. Bd3 e6 6. h4 h5 7. Nd2 Nd7 8. Nxe4 dxe4 9. Bc4 Nb6 10. Bb3 Bd6 11. Ne2 Bg4 12. Qd2 a5 13. a4 Nd5 14. Bxd6 Qxd6 15. Ng3 f5 16. c3 O-O 17. Bd1 c5 18. Nxh5 cxd4 19. cxd4 Nb4 20. O-O Nd3 21. Ng3 Bxd1 22. Rfxd1 Ra6 23. Ne2 Rb6 24. Nf4 Nxf4 25. exf4 Rb4 26. Rac1 Rd8 27. Qe2 Rxa4 28. Qh5 Rxd4 29. Rxd4 Qxd4 30. Qg5 Qf6 31. Qh5 Qf7 32. Qe2 Rd3 33. Rc8+ Kh7 34. Ra8 b6 35. Rb8 Qg6 36. Rxb6 a4 37. Ra6 Rd4 38. g3 Qe8 39. Ra7 Rd7 40. Rxa4 Rb7 41. Ra6 Qd7 42. Qh5+ Kg8 43. Ra8+ 1-0

[Event "December 19 Late 2023"]
[Site "https://www.chess.com"]
[Date "2023.12.19"]
[Round "6"]
[White "Zavgorodniy, Sergiy"]
[Black "Melikhov, Evgeny V."]
[Result "1-0"]
[Board "61"]
[TimeControl "180+1"]
[WhiteFideId "14110148"]
[BlackFideId "4122046"]
[WhiteElo "2402"]
[BlackElo "2165"]
[WhiteTeam "UKR"]
[BlackTeam "GRE"]
[WhiteClock "0:00:12"]
[BlackClock "0:00:08"]

1. d4 Nf6 2. c4 e6 3. Nf3 d5 4. e3 Be7 5. Nbd2 O-O 6. Bd3 b6 7. O-O dxc4 8. Nxc4 Bb7 9. b3 c5 10. Bb2 Nc6 11. dxc5 Bxc5 12. Rc1 Nb4 13. Bb1 Qxd1 14. Rfxd1 Rfd8 15. a3 Nc6 16. b4 Bf8 17. Nfe5 Nxe5 18. Nxe5 Rac8 19. f3 Rxd1+ 20. Rxd1 Nd5 21. Kf2 Nc3 22. Bxc3 Rxc3 23. Rd7 Ba6 24. Rxa7 Bc8 25. Nxf7 h5 26. Bg6 h4 27. Ng5 Bd6 28. Bh7+ Kf8 29. f4 e5 30. Nf7 exf4 31. Nxd6 fxe3+ 32. Ke1 Bg4 33. Rf7# 1-0

[Event "December 19 Late 2023"]
[Site "https://www.chess.com"]
[Date "2023.12.19"]
[Round "6"]
[White "Federzoni, Enzo"]
[Black "Karttunen, Mika"]
[Result "0-1"]
[Board "62"]
[TimeControl "180+1"]
[WhiteFideId "2173301"]
[BlackFideId "502081"]
[WhiteElo "2053"]
[BlackElo "2396"]
[WhiteTeam "BRA"]
[BlackTeam "FIN"]
[WhiteClock "0:01:00"]
[BlackClock "0:01:48"]

1. e4 e6 2. d4 d5 3. exd5 exd5 4. Bd3 Nc6 5. c3 Bd6 6. Qf3 Nge7 7. Ne2 Be6 8. O-O Qd7 9. Bf4 O-O-O 10. Bxd6 Qxd6 11. Qg3 Bf5 12. Qxd6 Rxd6 13. Bxf5+ Nxf5 14. Nd2 g5 15. Rfe1 f6 16. b4 h5 17. Ng3 Ng7 18. h3 h4 19. Ngf1 Ne6 20. Re3 Ne7 21. Rae1 Kd7 22. Nb3 b6 23. a4 Nf5 24. R3e2 Nf4 25. Rd2 Rc6 26. Ne3 Re8 27. Rc2 Rce6 28. Nc1 Nxe3 29. f3 Nxc2 0-1

[Event "December 19 Late 2023"]
[Site "https://www.chess.com"]
[Date "2023.12.19"]
[Round "6"]
[White "Vlassov, Nikolai"]
[Black "Lopusiewicz, Piotr"]
[Result "1-0"]
[Board "63"]
[TimeControl "180+1"]
[WhiteFideId "4103360"]
[BlackFideId "1116029"]
[WhiteElo "2351"]
[BlackElo "2286"]
[WhiteTeam "FID"]
[BlackTeam "POL"]
[WhiteClock "0:01:03"]
[BlackClock "0:00:02"]

1. e4 c5 2. c3 d5 3. exd5 Qxd5 4. d4 Nf6 5. Nf3 e6 6. a3 a6 7. Be3 cxd4 8. cxd4 Nc6 9. Nc3 Qd6 10. Qc2 Be7 11. Rc1 O-O 12. Bd3 h6 13. O-O Bd7 14. b4 Rac8 15. Qd2 Qb8 16. Bf4 Bd6 17. Bxh6 Ng4 18. Bxg7 Bf4 19. Qe2 Kxg7 20. h3 Bxc1 21. Rxc1 Nxd4 22. Qe4 Nxf3+ 23. Qxf3 Qh2+ 24. Kf1 Ne5 25. Qe3 f6 26. Be4 Rxc3 27. Rxc3 Qh1+ 28. Ke2 Bb5+ 29. Kd2 Rd8+ 30. Kc2 Qd1+ 31. Kb2 Rd2+ 32. Bc2 Rxc2+ 33. Rxc2 Nc4+ 34. Rxc4 Bxc4 35. Qg3+ Kh6 36. Qf4+ Kg6 37. Qxc4 Qd2+ 38. Qc2+ 1-0

[Event "December 19 Late 2023"]
[Site "https://www.chess.com"]
[Date "2023.12.19"]
[Round "6"]
[White "Melian, Juan Sebastian"]
[Black "Storn, Justin"]
[Result "1-0"]
[Board "64"]
[TimeControl "180+1"]
[WhiteFideId "3706575"]
[BlackFideId "30922720"]
[WhiteElo "2098"]
[BlackElo "2425"]
[WhiteTeam "PAR"]
[BlackTeam "USA"]
[WhiteClock "0:01:11"]
[BlackClock "0:00:00"]

1. e4 d6 2. d4 Nf6 3. Nc3 g6 4. Be3 Bg7 5. h3 O-O 6. Qd2 c6 7. Nf3 b5 8. Bd3 b4 9. Ne2 a5 10. Ng3 Ba6 11. Bxa6 Nxa6 12. O-O c5 13. Rad1 Qc7 14. d5 c4 15. Bd4 Rfc8 16. Rfe1 c3 17. bxc3 bxc3 18. Qe2 Rcb8 19. Rd3 Nd7 20. Rxc3 Qxc3 21. Bxc3 Bxc3 22. Rd1 Rb2 23. a3 Nac5 24. Nd4 Nb6 25. Nc6 Bf6 26. e5 dxe5 27. Nxe5 Rd8 28. Ng4 Bg7 29. Qxe7 Rc8 30. Nf6+ Bxf6 31. Qxf6 Rxc2 32. d6 Nbd7 33. Qf4 Ra2 34. Ne4 Nxe4 35. Qxe4 Rxa3 36. Qb7 1-0